 Dungeon Crawl Stone Soup version 0.31-a0-925-g0a390f2509 (webtiles) character file.

Game seed: 3275770280205153789

25 promet the Cleaver (level 3, -18/31 HPs)
             Began as a Gnoll Wanderer on Oct 18, 2023.
             Killed by an exploding Natasha (34 damage)
             ... ignited by their inner flame
             ... on level 2 of the Dungeon.
             The game lasted 00:06:48 (777 turns).

promet the Cleaver (Gnoll Wanderer)                  Turns: 777, Time: 00:06:50

Health: -18/31     AC:  4    Str:  9    XL:     3   Next: 4%
Magic:  3/3        EV: 11    Int: 12    God:
Gold:   87         SH:  0    Dex: 14    Spells: 3/3 levels left

rFire   . . .        b - +0 short sword
rCold   . . .        j - orb {light}
rNeg    . . .        e - +0 robe
rPois   .            c - +0 helmet
rElec   .            k - scarf {shadows}
rCorr   .            f - +0 pair of gloves
SInv    .            (no boots)
Will    .....        (no amulet)
Stlth   +            (no ring)
HPRegen 0.25/turn    (no ring)
MPRegen 0.08/turn

%: no passive effects
@: slowed, glowing, very slow
A: fangs 1, strong nose, distributed training
a: no special abilities


You were on level 2 of the Dungeon.
You visited 1 branch of the dungeon, and saw 2 of its levels.

You collected 87 gold pieces.

Inventory:

Hand Weapons
 a - a +2 hand axe
 b - a +0 short sword (weapon)
Missiles
 m - 21 stones
 n - 2 datura-tipped darts
Armour
 c - a +0 helmet (worn)
 e - a +0 robe (worn)
 f - a +0 pair of gloves (worn)
 j - an orb of light (worn)
 k - a scarf of shadows (worn)
Potions
 d - a potion of lignification
 g - a potion of haste {unknown}
 i - a potion of degeneration {unknown}
 l - a potion of brilliance {unknown}
 o - a potion of attraction {unknown}
 p - a potion of heal wounds {unknown}


   Skills:
 + Level 4.5 Fighting
 + Level 2.5 Short Blades
 + Level 0.6 Long Blades
 + Level 8.5 Axes
 + Level 0.6 Maces & Flails
 + Level 0.6 Polearms
 + Level 0.6 Staves
 + Level 0.6 Ranged Weapons
 + Level 0.6 Throwing
 + Level 0.6 Armour
 + Level 0.6 Dodging
 + Level 4.1 Stealth
 + Level 0.6 Shields
 + Level 0.6 Unarmed Combat
 + Level 0.6 Spellcasting
 + Level 0.4 Conjurations
 + Level 0.4 Hexes
 + Level 0.4 Summonings
 + Level 0.4 Necromancy
 + Level 0.4 Translocations
 + Level 0.4 Transmutations
 + Level 0.4 Fire Magic
 + Level 0.4 Ice Magic
 + Level 0.4 Air Magic
 + Level 0.4 Earth Magic
 + Level 0.4 Poison Magic
 + Level 0.8 Invocations
 + Level 2.5 Evocations
 + Level 0.5 Shapeshifting


You had 3 spell levels left.
You didn't know any spells.
Your spell library contained the following spells:

 Spells                   Type           Power      Damage    Failure   Level
 Apportation              Tloc           2%         N/A       26%         1
 Necrotise                Necr           4%         1d4       26%         1
 Summon Small Mammal      Summ           4%         N/A       26%         1


Dungeon Overview and Level Annotations

Branches:
Dungeon (2/15)

Altars:


Innate Abilities, Weirdness & Mutations

You have very sharp teeth.
Your uncanny sense of smell can sniff out nearby items.
Your experience applies equally to all skills.


Message History

Natasha is lightly wounded.
Natasha wildly gestures.
You feel disoriented. Natasha claws you but does no damage.
Natasha barely misses you.
You hit Natasha.
Natasha is moderately wounded.
Natasha completely misses you.
You hit Natasha.
Natasha is moderately wounded.
Natasha closely misses you.
You hit Natasha but do no damage.
Natasha is moderately wounded.
Natasha barely misses you. Natasha claws you but does no damage.
Okay, then.
As you read the scroll labelled KURCHI YRGHEXT, it crumbles to dust.
The creatures around you are filled with an inner flame!
It was a scroll of immolation.
Natasha misses you.
You closely miss Natasha. You bite Natasha, but do no damage.
Natasha is moderately wounded.
Natasha claws you. Natasha closely misses you.
You hit Natasha but do no damage. You bite Natasha, but do no damage.
Natasha is moderately wounded.
Natasha claws you but does no damage.
You barely miss Natasha.
Natasha is moderately wounded.
Natasha claws you but does no damage.
You hit Natasha but do no damage. You bite Natasha, but do no damage.
Natasha is moderately wounded.
Natasha claws you! Natasha barely misses you.
You barely miss Natasha.
Natasha is moderately wounded.
Natasha barely misses you.
You hit Natasha.
Flame seeps out of Natasha.
Natasha is heavily wounded.
Natasha is engulfed in blazing flames.
Natasha growls in agony!
Natasha explodes!
The fiery explosion engulfs you!!
Ouch! That really hurt!
You die...

.........h$.
..........#
...........#
..........#
.......#.###
.......#...#####..
.......###.......#
........##§.###...
#. #..@○§.#
#.###.###§..#
..##.# ##....#
#.##.# ##......
##.##.#....##....
##.........## ##..
#..<.....### #.
#)..#.#.###
#....#.#.#


There were no monsters in sight!

Vanquished Creatures
  Natasha (D:2)
  2 dart slugs (D:1)
  2 endoplasms
  2 goblins
  A hobgoblin (D:1)
  3 jackals (D:1)
  3 kobolds (D:1)
  A quokka (D:1)
  A ball python (D:1)
  A bat (D:1)
  A frilled lizard (D:1)
  3 rats (D:1)
21 creatures vanquished.

Notes
Turn   | Place    | Note
-------+----------+-------------------------------------------
     0 | D:1      | promet the Gnoll Wanderer began the quest for the Orb.
     0 | D:1      | promet set off with the following items: a +2 hand axe, a
                  | +0 short sword, a +0 helmet, a potion of lignification, a
                  | +0 robe.
     0 | D:1      | Reached XP level 1. HP: 20/20 MP: 1/1
   284 | D:1      | Reached XP level 2. HP: 24/26 MP: 2/2
   666 | D:1      | Found a faded altar of an unknown god.
   743 | D:2      | Reached XP level 3. HP: 31/31 MP: 3/3
   752 | D:2      | Noticed Natasha
   777 | D:2      | Killed Natasha
   777 | D:2      | Killed by an exploding Natasha... ignited by their inner
                  | flame

Illustrated notes

Levels and vault maps discovered:
D:1:      heliophobic_arrival_enchanted_forest, layout_rooms,
          dreamdust_ecumenical_altar_statues
D:2:      layout_rooms, uniq_natasha, uniq_jessica

Action                     || total
---------------------------++-------
  Melee: Hand axe          ||    12
         Short sword       ||    65
         Bite              ||    13
    Use: Scroll            ||     1
   Stab: Sleeping          ||     2
 Armour: Robe              ||    43
  Dodge: Dodged            ||    34

Table legend: (Time is in decaauts)
 A = Elapsed time spent in this place.
 B = Non-inter-level travel time spent in this place.
 C = Inter-level travel time spent in this place.
 D = Time resting spent in this place.
 E = Time spent auto-exploring this place.
 F = Levels seen in this place.
 G = Mean time per level.
                   A        B        C        D        E       F      G
               +--------+--------+--------+--------+--------+-----+--------+
         Total |    776 |    776 |      0 |    111 |    157 |   2 |  388.0 |
       Dungeon |    776 |    776 |      0 |    111 |    157 |   2 |  388.0 |
               +--------+--------+--------+--------+--------+-----+--------+

Top non-repeatable levels by time:
     D:1: 714 daAuts
     D:2: 62 daAuts
